Map: Stasis LE

Players

HIGUMA - Winner!

  • Race: Terran Terran
  • League: Platinum
  • Spawn Location: 11:00

엔젤리

  • Race: Zerg Zerg
  • League: Platinum
  • Spawn Location: 1:00

VOD

Have the link to the VOD?

Description

Time

  • Played on: Dec. 26, 2018, 11:45 p.m.
  • Length: 11:04
Show
View Real Time Build Order
Export as new Build Order

HIGUMA Terran - Winner!

Build Orders:  

Get SALT Encoding   

  12  0:01  SCV  
  13  0:13  SCV  
  14  0:19  Supply Depot  
  14  0:25  SCV  
  15  0:30  Refinery  
  15  0:41  SCV  
  16  0:46  Barracks  
  16  0:53  SCV  
  17  0:59  Refinery  
  17  1:05  SCV  
  18  1:18  SCV  
  20  1:35  Marine, Orbital Command  
  20  1:39  Supply Depot  
  20  1:52  Factory  
  20  2:01  SCV  
  21  2:07  Marine  
  22  2:14  SCV  
  23  2:24  Supply Depot  
  23  2:34  Marine  
  23  2:36  Supply Depot  
  24  2:37  Factory Tech Lab  
  24  2:41  Starport  
  24  2:42  SCV  
  25  2:56  Siege Tank  
  25  2:57  Barracks Reactor  
  28  3:01  SCV  
  28  3:15  Supply Depot  
  28  3:23  Engineering Bay  
  19  3:53  Barracks Reactor, Supply Depot  
  19  4:10  Supply Depot, Liberator  
  19  4:13  SCV  
  20  4:26  SCV  
  24  4:39  SCV  
  25  4:55  SCV  
  25  4:58  Command Center  
  26  5:07  SCV  
  27  5:19  SCV  
  27  5:21  Hellion x2  
  32  5:32  Viking  
  34  5:46  SCV  
  34  5:49  Widow Mine  
  39  5:50  Widow Mine  
  39  5:56  Factory  
  39  5:57  Armory  
  39  5:58  SCV  
  39  6:04  Missile Turret  
  37  6:14  Widow Mine x2  
  41  6:27  Orbital Command  
  41  6:31  SCV  
  42  6:44  Missile Turret  
  42  6:51  SCV  
  42  6:53  Starport Reactor  
  43  6:56  Widow Mine x2  
  43  7:01  Drilling Claws  
  47  7:04  SCV  
  48  7:11  Missile Turret  
  48  7:15  Terran Vehicle And Ship Armor Level 1  
  48  7:23  Orbital Command  
  48  7:27  Siege Tank  
  48  7:29  Widow Mine x2  
  55  7:32  SCV  
  56  7:48  Viking x2  
  60  8:00  SCV  
  60  8:04  Siege Tank  
  67  8:06  Hellion x2  
  67  8:09  Orbital Command  
  66  8:25  SCV  
  67  8:29  Supply Depot  
  67  8:36  Widow Mine  
  67  8:37  SCV  
  74  8:41  Hellion x2  
  74  8:51  SCV x2  
  74  8:53  Refinery  
  74  8:54  Refinery  
  76  9:02  Supply Depot  
  76  9:03  Supply Depot x2, SCV  
  77  9:12  SCV  
  78  9:30  Supply Depot  
  78  9:32  Widow Mine x2, Supply Depot  
  78  9:34  Viking x2  
  86  9:42  SCV x2  
  88  9:46  Siege Tank  
  91  9:53  Missile Turret  
  91  10:04  Viking  
  91  10:06  Missile Turret, SCV x2  
  95  10:07  Missile Turret  
  95  10:16  Hellion  
  95  10:18  SCV  
  98  10:23  Widow Mine  
  98  10:27  Hellion  
  102  10:41  Hellion  
Show
View Real Time Build Order
Export as new Build Order

엔젤리 Zerg 

Build Orders: 1 Base Baneling Bust, Pool First, Muta Ling Bane, Zergling Baneling 

Get SALT Encoding   

  12  0:01  Drone  
  13  0:08  Drone  
  14  0:18  Overlord  
  14  0:36  Drone x3  
  17  0:47  Spawning Pool  
  16  0:50  Extractor  
  16  0:51  Drone  
  16  1:01  Drone  
  17  1:04  Extractor  
  17  1:10  Drone  
  17  1:34  Queen, Baneling Nest  
  18  1:42  Zergling x6  
  21  1:51  Metabolic Boost  
  21  1:58  Zergling x2  
  22  2:05  Overlord  
  22  2:24  Zergling x2  
  22  2:27  Zergling x2  
  24  2:37  Zergling x2  
  24  2:44  Zergling x6  
  26  2:47  Baneling x2  
  26  2:48  Baneling x3  
  28  2:51  Zergling x2  
  29  3:06  Zergling x2  
  30  3:15  Overlord  
  30  3:20  Baneling  
  30  3:21  Hatchery  
  23  3:47  Zergling x4  
  23  3:48  Baneling x2, Zergling x2  
  21  3:56  Zergling x2  
  21  4:14  Lair  
  21  4:17  Drone x2  
  23  4:28  Drone x3  
  26  4:39  Drone x2  
  26  4:40  Queen  
  30  4:49  Drone x2  
  32  4:55  Spore Crawler  
  32  4:56  Spore Crawler  
  31  5:00  Drone  
  30  5:13  Drone x3  
  33  5:25  Spire  
  28  6:02  Drone  
  28  6:03  Drone x3  
  32  6:05  Zergling x4  
  32  6:06  Zergling x4  
  32  6:11  Drone x2  
  38  6:14  Extractor  
  38  6:16  Extractor  
  36  6:23  Drone  
  36  6:24  Drone x2  
  39  6:32  Centrifical Hooks  
  39  6:37  Mutalisk  
  39  6:38  Mutalisk  
  43  6:58  Drone  
  43  7:01  Overlord x2  
  44  7:13  Overlord x2  
  44  7:20  Mutalisk x3  
  50  7:30  Overseer  
  50  7:32  Pneumatized Carapace  
  50  7:34  Mutalisk  
  52  7:39  Drone  
  53  7:46  Mutalisk  
  55  8:01  Mutalisk x2  
  55  8:02  Drone  
  60  8:08  Mutalisk  
  62  8:13  Overseer  
  62  8:22  Mutalisk x2  
  66  8:29  Drone x2  
  68  8:47  Overlord x3  
  68  8:49  Baneling x2  
  68  8:50  Baneling  
  68  8:56  Overlord  
  68  9:06  Drone x3  
  71  9:15  Overlord x2  
  71  9:27  Mutalisk x2  
  75  9:36  Mutalisk x2  
  79  9:38  Drone x2  
  79  9:41  Drone  
  82  9:51  Mutalisk x2  
  86  9:53  Mutalisk  
  86  9:59  Mutalisk  
  90  10:01  Mutalisk  
  92  10:08  Mutalisk  
  92  10:12  Mutalisk  
  96  10:30  Overseer x2  
  96  10:39  Zergling x14  
  99  10:55  Hatchery  
Tags
 
Add a new tag
Caveats
  • Supply blocks, unpowered buildings, or Contaminate may cause inaccurate times.
  • Supply counts are checked every 10 seconds.